Jets vs Avalanche
(R1)
Created - March 22, 2018 at 19:29
Goals
|
Jets |
4 |
2 |
0 |
6 |
Avalanche |
0 |
2 |
0 |
2 |
|
Shots
|
Jets |
8 |
10 |
2 |
20 |
Avalanche |
7 |
11 |
10 |
28 |
|
1st period
1. Jets , Derek Stepan 26 (Devin Setoguchi 30, Shea Weber 23) at 3:02
2. Jets , Dustin Brown 25 (Devin Setoguchi 31, Derek Stepan 36) at 10:58
3. Jets , Erik Haula 7 (Shea Weber 24, Marcus Johansson 16) at 12:09
4. Jets , Dustin Brown 26 (Derek Roy 57, Benoit Pouliot 48) at 14:34
Penalties :
No Penalty
2nd period
5. Avalanche , Ryan Smyth 10 (Chuck Kobasew 12) at 10:43
6. Jets , Benoit Pouliot 46 (Marco Scandella 38, Tyler Myers 24) at 13:38 (PP)
7. Jets , Josh Bailey 6 (Erik Haula 12, Derek Stepan 37) at 16:03
8. Avalanche , Alexander Radulov 16 (Andrew Ladd 15, Chris Drury 23) at 16:11
Penalties :
Bryan Little (Col) for Goalie Interference (Minor) at 2:09, Tyler Myers (Win) for Holding (Minor) at 4:31, Paul Stastny (Col) for Tripping (Minor) at 13:24, Brandon Yip (Col) for Cross-checking (Minor) at 19:52
3rd period
No Goal
Penalties :
James Wright (Win) for Hooking (Minor) at 2:24, Tyler Myers (Win) for Tripping (Minor) at 4:35, Johnny Boychuk (Col) for Tripping (Minor) at 6:56, Marcus Johansson (Win) for Hooking (Minor) at 9:09, Dan Boyle (Col) for Slashing (Minor) at 11:53
Goalie Stats
Kari Lehtonen (Win), 26 saves from 28 shots - (0.929), W, 26-12-2, 60:00 minutes
Semyon Varlamov (Col), 1 saves from 5 shots - (0.200), L, 33-20-4, 14:34 minutes
Hannu Toivonen (Col), 13 saves from 15 shots - (0.867), 45:26 minutes
Players Stats for Jets
Player Name G A P +/- PIM S H SB GA TA FO MP PP MP PK MP
------------------------------------------------------------------------------------
Alexander Frolov 0 0 0 0 0 0 0 0 0 0 0/0 0:08 0:00 0:00
Anton Volchenkov 0 0 0 1 0 1 0 1 0 2 0/0 16:45 0:00 3:45
Benoit Pouliot 1 1 2 -1 0 3 3 1 0 1 3/4 20:44 4:25 3:29
Derek Roy 0 1 1 -1 0 2 2 0 0 0 16/29 19:09 4:25 2:12
Derek Stepan 1 2 3 2 0 1 2 0 0 2 3/8 17:32 3:45 0:09
Devin Setoguchi 0 2 2 2 0 1 0 1 1 0 0/0 17:23 3:45 0:00
Dustin Brown 2 0 2 0 0 2 1 3 1 0 0/0 20:33 4:25 0:48
Eric Gelinas 0 0 0 1 0 0 1 2 0 0 0/0 17:48 3:20 0:31
Erik Haula 1 1 2 2 0 4 2 1 1 2 3/5 17:01 1:11 4:06
James Wright 0 0 0 2 2 0 2 0 0 0 0/0 8:52 0:00 0:00
Joe Colborne 0 0 0 0 0 0 1 0 0 0 2/5 9:37 0:00 0:48
Josh Bailey 1 0 1 2 0 1 2 1 0 0 0/0 8:53 0:00 0:00
Justin Falk 0 0 0 1 0 0 0 0 0 0 0/0 13:32 0:00 1:43
Lee Stempniak 0 0 0 0 0 0 1 0 1 1 0/0 12:42 0:00 3:21
Marco Scandella 0 1 1 1 0 1 2 2 0 1 0/0 25:45 4:50 3:57
Marcus Johansson 0 1 1 1 2 2 0 1 1 0 0/0 19:24 2:34 0:59
Shea Weber 0 2 2 1 0 2 1 1 0 0 0/0 25:12 3:20 3:53
Tyler Myers 0 1 1 1 4 0 7 5 0 1 0/0 21:00 4:50 2:03
Players Stats for Avalanche
Player Name G A P +/- PIM S H SB GA TA FO MP PP MP PK MP
------------------------------------------------------------------------------------
Alexander Radulov 1 0 1 0 0 1 2 0 0 0 0/1 15:23 3:13 1:30
Andrei Kostitsyn 0 0 0 -2 0 4 1 0 0 0 0/0 16:34 3:13 1:30
Andrew Ladd 0 1 1 0 0 1 0 1 0 0 3/7 15:54 0:37 4:47
Brandon Yip 0 0 0 -2 2 0 2 0 0 0 0/0 12:18 0:28 0:00
Bryan Little 0 0 0 -2 2 4 2 0 2 0 4/15 17:37 4:15 0:00
Chris Drury 0 1 1 0 0 3 4 0 0 0 6/11 12:32 0:00 1:53
Chuck Kobasew 0 1 1 1 0 1 0 0 0 0 3/5 12:48 0:00 4:47
Corey Perry 0 0 0 -2 0 2 0 1 0 0 2/3 17:27 4:06 0:00
Dan Boyle 0 0 0 1 2 3 2 1 0 0 0/0 18:59 4:46 0:31
Jack Johnson 0 0 0 -3 0 1 3 0 2 1 0/0 21:35 3:10 3:15
Jay Bouwmeester 0 0 0 -1 0 1 3 0 3 1 0/0 19:38 4:46 0:00
Johnny Boychuk 0 0 0 1 2 2 2 0 0 0 0/0 16:36 0:00 2:20
Kyle Turris 0 0 0 1 0 1 0 0 1 0 1/3 8:00 0:00 0:00
Marc Staal 0 0 0 -3 0 1 1 2 1 0 0/0 19:25 0:00 4:55
Mikkel Boedker 0 0 0 -2 0 1 2 0 1 2 1/1 17:37 4:15 0:00
Paul Stastny 0 0 0 -2 2 0 2 0 0 0 4/5 15:03 3:13 0:00
Pernell Karl Subban 0 0 0 -1 0 1 1 7 0 1 0/0 23:45 3:10 5:19
Ryan Smyth 1 0 1 1 0 1 0 0 0 0 0/0 10:34 0:28 1:53
3 Stars
1 - Derek Stepan (Win)
2 - Erik Haula (Win)
3 - Dustin Brown (Win)
Power Play
Jets - 1 on 5 Attempt(s) - 20.00%
Avalanche - 0 on 4 Attempt(s) - 0.00%
Penalty Kill
Jets - 4 on 4 Attempt(s) - 100.00%
- Score 0 goal in Penalty Kill
Avalanche - 4 on 5 Attempt(s) - 80.00%
- Score 0 goal in Penalty Kill
Team Stat
Jets - Hits : 27 - Faceoff Wins : 27 - Blocked Shots : 19 - Penalty Minutes : 8
Avalanche - Hits : 27 - Faceoff Wins : 24 - Blocked Shots : 12 - Penalty Minutes : 10
Official
Referees : Martell Rob and Devorski Paul
Linesman : Vaughan Rody and Brad Kovachik
Game Notes
Alexander Frolov is injured at 0:27 of 1st period (Left Knee)
Hannu Toivonen enters game at 14:34 of 1st period
Finance
Level 1 -- Attendance: 5944 (99.07%) -- Ticket Income $529,016
Level 2 -- Attendance: 5000 (100.00%) -- Ticket Income $275,000
Level 3 -- Attendance: 1898 (94.90%) -- Ticket Income $62,634
Level 4 -- Attendance: 3924 (98.10%) -- Ticket Income $90,252
Luxury Box -- Attendance: 755 (75.50%) -- Ticket Income $129,860
Game was played at the Pepsi Center.
Total Attendance: 17521 (97.34%)
Total Ticket Income: $1,086,762
Other Income: $163,014
Total Income: $1,249,776
Jets
5 vs 5 Forward
Center Left Wing Right Wing Time % Phy DF OF
1 Derek Roy Benoit Pouliot Dustin Brown 40 1 2 2
2 Derek Stepan Alexander Frolov Devin Setoguchi 30 1 2 2
3 Joe Colborne Marcus Johansson Lee Stempniak 20 0 3 2
4 James Wright Erik Haula Josh Bailey 10 1 2 2
5 vs 5 Defense
Defense Defense Time % Phy DF OF
1 Shea Weber Marco Scandella 40 1 3 1
2 Tyler Myers Eric Gelinas 30 1 2 2
3 Justin Falk Anton Volchenkov 25 1 2 2
4 Shea Weber Tyler Myers 5 1 2 2
PowerPlay Forward
Center Left Wing Right Wing Time % Phy DF OF
1 Derek Roy Benoit Pouliot Dustin Brown 60 1 0 4
2 Derek Stepan Alexander Frolov Devin Setoguchi 40 1 2 2
PowerPlay Defense
Defense Defense Time % Phy DF OF
1 Marco Scandella Tyler Myers 60 1 1 3
2 Eric Gelinas Shea Weber 40 0 1 4
Penalty Kill 4 Players Forward
Center Wing Time % Phy DF OF
1 Erik Haula Alexander Frolov 60 1 2 2
2 Joe Colborne Dustin Brown 40 1 2 2
Penalty Kill 4 Players Defense
Defense Defense Time % Phy DF OF
1 Marco Scandella Tyler Myers 60 1 2 2
2 Anton Volchenkov Shea Weber 40 1 2 2
Penalty Kill - 3 Players Forward
Forward Time % Phy DF OF
1 Erik Haula 60 1 2 2
2 Alexander Frolov 40 1 2 2
Penalty Kill - 3 Players Defense
Defense Defense Time % Phy DF OF
1 Shea Weber Tyler Myers 60 1 2 2
2 Anton Volchenkov Marco Scandella 40 1 2 2
4 vs 4 Forward
Center Wing Time % Phy DF OF
1 Derek Stepan Dustin Brown 60 1 2 2
2 Derek Roy Benoit Pouliot 40 1 2 2
4 vs 4 Defense
Defense Defense Time % Phy DF OF
1 Shea Weber Marco Scandella 60 1 2 2
2 Tyler Myers Eric Gelinas 40 1 2 2
Last Minutes Offensive
Center Left Wing Right Wing Defense Defense
Derek Roy Benoit Pouliot Dustin Brown Shea Weber Marco Scandella
Last Minutes Defensive
Center Left Wing Right Wing Defense Defense
Derek Roy Erik Haula Alexander Frolov Shea Weber Tyler Myers
Goaltenders
Starting : Kari Lehtonen
Backup : Jacob Markstrom
Extra Forwards
Normal : Marcus Johansson, Dustin Brown, Lee Stempniak - PP : Marcus Johansson, Derek Roy - PK : Lee Stempniak
Extra Defensemen
Normal : Eric Gelinas, Shea Weber, Justin Falk - PP : Eric Gelinas - PK : Shea Weber, Justin Falk
Penalty Shots
Derek Roy, Benoit Pouliot, Alexander Frolov, Dustin Brown, Devin Setoguchi
Scratches
Fredrik Sjostrom (Healthy), Kevin Klein (Healthy), Michael Rupp (Healthy)
Avalanche
5 vs 5 Forward
Center Left Wing Right Wing Time % Phy DF OF
1 Bryan Little Mikkel Boedker Corey Perry 30 0 2 2
2 Paul Stastny Andrei Kostitsyn Brandon Yip 30 1 2 2
3 Chris Drury Andrew Ladd Alexander Radulov 25 1 2 2
4 Kyle Turris Ryan Smyth Chuck Kobasew 15 1 2 2
5 vs 5 Defense
Defense Defense Time % Phy DF OF
1 Jack Johnson Marc Staal 35 1 2 2
2 Pernell Karl Subban Jay Bouwmeester 35 1 2 2
3 Dan Boyle Johnny Boychuk 30 1 2 2
4 Jack Johnson Marc Staal 0 1 2 2
PowerPlay Forward
Center Left Wing Right Wing Time % Phy DF OF
1 Bryan Little Mikkel Boedker Corey Perry 60 1 2 2
2 Paul Stastny Andrei Kostitsyn Alexander Radulov 40 1 2 2
PowerPlay Defense
Defense Defense Time % Phy DF OF
1 Dan Boyle Jay Bouwmeester 60 1 2 2
2 Pernell Karl Subban Jack Johnson 40 1 2 2
Penalty Kill 4 Players Forward
Center Wing Time % Phy DF OF
1 Andrew Ladd Chuck Kobasew 60 1 2 2
2 Chris Drury Ryan Smyth 40 1 2 2
Penalty Kill 4 Players Defense
Defense Defense Time % Phy DF OF
1 Pernell Karl Subban Marc Staal 60 1 2 2
2 Jack Johnson Johnny Boychuk 40 1 2 2
Penalty Kill - 3 Players Forward
Forward Time % Phy DF OF
1 Chuck Kobasew 60 1 2 2
2 Ryan Smyth 40 1 2 2
Penalty Kill - 3 Players Defense
Defense Defense Time % Phy DF OF
1 Jack Johnson Marc Staal 60 1 2 2
2 Pernell Karl Subban Johnny Boychuk 40 1 2 2
4 vs 4 Forward
Center Wing Time % Phy DF OF
1 Bryan Little Corey Perry 60 1 2 2
2 Mikkel Boedker Andrei Kostitsyn 40 1 2 2
4 vs 4 Defense
Defense Defense Time % Phy DF OF
1 Jack Johnson Marc Staal 60 1 2 2
2 Pernell Karl Subban Jay Bouwmeester 40 1 2 2
Last Minutes Offensive
Center Left Wing Right Wing Defense Defense
Bryan Little Mikkel Boedker Corey Perry Jack Johnson Dan Boyle
Last Minutes Defensive
Center Left Wing Right Wing Defense Defense
Chris Drury Andrew Ladd Chuck Kobasew Jack Johnson Marc Staal
Goaltenders
Starting : Semyon Varlamov
Backup : Hannu Toivonen
Extra Forwards
Normal : Andrei Kostitsyn, Andrew Ladd, Alexander Radulov - PP : Paul Stastny, Andrew Ladd - PK : Alexander Radulov
Extra Defensemen
Normal : Dan Boyle, Johnny Boychuk, Pernell Karl Subban - PP : Dan Boyle - PK : Johnny Boychuk, Pernell Karl Subban
Penalty Shots
Bryan Little, Corey Perry, Mikkel Boedker, Andrei Kostitsyn, Paul Stastny
Scratches
Mike Comrie (Right Hip Injury)
% Time on Ice - Jets
Lines # - Real PCT - Wanted PCT - Time Play
Normal Forward
1 - 29% - 40% - 12:34
2 - 32% - 30% - 13:53
3 - 20% - 20% - 8:34
4 - 20% - 10% - 8:53
Normal Defense
1 - 39% - 40% - 17:02
2 - 31% - 30% - 13:37
3 - 27% - 25% - 11:47
4 - 3% - 5% - 1:28
PP Forward
1 - 54% - 60% - 4:25
2 - 46% - 40% - 3:45
PP Defense
1 - 59% - 60% - 4:50
2 - 41% - 40% - 3:20
PK Forward
1 - 90% - 60% - 7:08
2 - 10% - 40% - 0:48
PK Defense
1 - 59% - 60% - 4:42
2 - 41% - 40% - 3:14
PK3 Forward
1 - 0% - 60%
2 - 0% - 40%
PK3 Defense
1 - 0% - 60%
2 - 0% - 40%
44 Forward
1 - 0% - 60%
2 - 0% - 40%
44 Defense
1 - 0% - 60%
2 - 0% - 40%
Last Minute Offensive - 0:00
Last Minute Defensive - 0:00
Total
Forward - 60:00
Defense - 60:00
|
% Time on Ice - Avalanche
Lines # - Real PCT - Wanted PCT - Time Play
Normal Forward
1 - 30% - 30% - 13:23
2 - 27% - 30% - 12:04
3 - 24% - 25% - 10:27
4 - 18% - 15% - 8:00
Normal Defense
1 - 34% - 35% - 15:04
2 - 36% - 35% - 15:52
3 - 29% - 30% - 12:46
4 - 0% - 0% - 0:12
PP Forward
1 - 54% - 60% - 4:15
2 - 46% - 40% - 3:41
PP Defense
1 - 60% - 60% - 4:46
2 - 40% - 40% - 3:10
PK Forward
1 - 77% - 60% - 6:17
2 - 23% - 40% - 1:53
PK Defense
1 - 60% - 60% - 4:55
2 - 40% - 40% - 3:15
PK3 Forward
1 - 0% - 60%
2 - 0% - 40%
PK3 Defense
1 - 0% - 60%
2 - 0% - 40%
44 Forward
1 - 0% - 60%
2 - 0% - 40%
44 Defense
1 - 0% - 60%
2 - 0% - 40%
Last Minute Offensive - 0:00
Last Minute Defensive - 0:00
Total
Forward - 60:00
Defense - 60:00
|
Play by Play
1st period
0:01 of 1st period - Derek Roy wins face-off versus Bryan Little in neutral zone.
0:26 of 1st period - Alexander Frolov is hit by Jack Johnson and loses puck.
0:27 of 1st period - Alexander Frolov from Jets is injured at 0:27 of 1st period (Left Knee).
0:28 of 1st period - Chris Drury wins face-off versus Joe Colborne in Jets zone.
0:29 of 1st period - Snap shot by Andrew Ladd.
0:29 of 1st period - Shot Misses the Net.
0:31 of 1st period - Snap shot by Pernell Karl Subban.
0:31 of 1st period - Deflect By Chris Drury.
0:31 of 1st period - Shot Misses the Net.
0:31 of 1st period - Puck is out of play.
0:32 of 1st period - Chris Drury wins face-off versus Joe Colborne in Jets zone.
1:22 of 1st period - Dan Boyle is hit by Derek Roy and loses puck.
1:39 of 1st period - Snap shot by Bryan Little.
1:39 of 1st period - Shot Misses the Net.
1:41 of 1st period - Wrist shot by Bryan Little.
1:41 of 1st period - Shot Blocked by Anton Volchenkov.
1:43 of 1st period - Wrist shot by Marc Staal.
1:43 of 1st period - Deflect By Bryan Little.
1:43 of 1st period - Stopped by Kari Lehtonen without a rebound.
1:44 of 1st period - Paul Stastny wins face-off versus Derek Stepan in Jets zone.
1:49 of 1st period - Wrist shot by Andrei Kostitsyn.
1:49 of 1st period - Stopped by Kari Lehtonen with a rebound.
1:51 of 1st period - Slapshot by Marc Staal.
1:51 of 1st period - Stopped by Kari Lehtonen without a rebound.
1:52 of 1st period - Derek Stepan wins face-off versus Paul Stastny in Jets zone.
2:29 of 1st period - Snap shot by Paul Stastny.
2:29 of 1st period - Shot Misses the Net.
3:02 of 1st period - Wrist shot by Derek Stepan.
3:02 of 1st period - Goal by Derek Stepan - Jets : 1 - Avalanche : 0.
3:03 of 1st period - Derek Roy wins face-off versus Bryan Little in neutral zone.
3:06 of 1st period - Wrist shot by Benoit Pouliot.
3:06 of 1st period - Shot Misses the Net.
3:36 of 1st period - Wrist shot by Ryan Smyth.
3:36 of 1st period - Shot Misses the Net.
3:38 of 1st period - Slapshot by Dan Boyle.
3:38 of 1st period - Shot Blocked by Benoit Pouliot.
3:52 of 1st period - Andrew Ladd is hit by James Wright and loses puck.
4:38 of 1st period - Snap shot by Chuck Kobasew.
4:38 of 1st period - Shot Misses the Net.
4:48 of 1st period - Andrei Kostitsyn is hit by Shea Weber.
5:50 of 1st period - Jack Johnson is hit by Marco Scandella and loses puck.
6:16 of 1st period - Shea Weber is hit by Brandon Yip and loses puck.
6:30 of 1st period - Icing by Pernell Karl Subban.
6:31 of 1st period - Joe Colborne wins face-off versus Alexander Radulov in Avalanche zone.
6:38 of 1st period - Eric Gelinas is hit by Chris Drury and loses puck.
7:08 of 1st period - Wrist shot by Bryan Little.
7:08 of 1st period - Shot Blocked by Tyler Myers.
7:33 of 1st period - Paul Stastny is hit by Erik Haula and loses puck.
8:38 of 1st period - Marco Scandella is hit by Andrei Kostitsyn and loses puck.
8:50 of 1st period - Off-side.
8:51 of 1st period - Kyle Turris wins face-off versus Joe Colborne in neutral zone.
9:24 of 1st period - Wrist shot by Corey Perry.
9:24 of 1st period - Stopped by Kari Lehtonen with a rebound.
9:50 of 1st period - Devin Setoguchi is hit by Alexander Radulov.
10:29 of 1st period - Snap shot by Kyle Turris.
10:29 of 1st period - Stopped by Kari Lehtonen without a rebound.
10:30 of 1st period - Joe Colborne wins face-off versus Bryan Little in Jets zone.
10:30 of 1st period - Joe Colborne is hit by Bryan Little.
10:38 of 1st period - Snap shot by Lee Stempniak.
10:38 of 1st period - Shot Misses the Net.
10:40 of 1st period - Snap shot by Lee Stempniak.
10:40 of 1st period - Shot Misses the Net.
10:58 of 1st period - Snap shot by Devin Setoguchi.
10:58 of 1st period - Deflect By Dustin Brown.
10:58 of 1st period - Goal by Dustin Brown - Jets : 2 - Avalanche : 0.
10:59 of 1st period - Derek Roy wins face-off versus Andrew Ladd in neutral zone.
11:12 of 1st period - Snap shot by Benoit Pouliot.
11:12 of 1st period - Deflect By Dustin Brown.
11:12 of 1st period - Shot Misses the Net.
11:12 of 1st period - Puck is out of play.
11:13 of 1st period - Mikkel Boedker wins face-off versus Derek Roy in Avalanche zone.
12:07 of 1st period - Slapshot by Shea Weber.
12:07 of 1st period - Deflect By Erik Haula.
12:07 of 1st period - Stopped by Semyon Varlamov with a rebound.
12:09 of 1st period - Snap shot by Shea Weber.
12:09 of 1st period - Deflect By Erik Haula.
12:09 of 1st period - Goal by Erik Haula - Jets : 3 - Avalanche : 0.
12:10 of 1st period - Chris Drury wins face-off versus Derek Roy in neutral zone.
12:22 of 1st period - Wrist shot by Andrew Ladd.
12:22 of 1st period - Shot Blocked by Dustin Brown.
13:20 of 1st period - Slapshot by James Wright.
13:20 of 1st period - Shot Blocked by Marc Staal.
13:30 of 1st period - Andrei Kostitsyn is hit by Eric Gelinas and loses puck.
13:41 of 1st period - Devin Setoguchi is hit by Paul Stastny and loses puck.
13:56 of 1st period - Wrist shot by Andrei Kostitsyn.
13:56 of 1st period - Shot Misses the Net.
13:58 of 1st period - Slapshot by Dan Boyle.
13:58 of 1st period - Shot Hit the Post.
14:00 of 1st period - Slapshot by Johnny Boychuk.
14:00 of 1st period - Shot Misses the Net.
14:12 of 1st period - Snap shot by Brandon Yip.
14:12 of 1st period - Shot Blocked by Eric Gelinas.
14:14 of 1st period - Wrist shot by Paul Stastny.
14:14 of 1st period - Shot Blocked by Tyler Myers.
14:16 of 1st period - Backhand shot by Johnny Boychuk.
14:16 of 1st period - Shot Blocked by Tyler Myers.
14:18 of 1st period - Slapshot by Jay Bouwmeester.
14:18 of 1st period - Shot Misses the Net.
14:20 of 1st period - Slapshot by Jay Bouwmeester.
14:20 of 1st period - Deflect By Andrei Kostitsyn.
14:20 of 1st period - Deflect By Derek Stepan.
14:20 of 1st period - Stopped by Kari Lehtonen without a rebound.
14:21 of 1st period - Derek Roy wins face-off versus Bryan Little in Jets zone.
14:34 of 1st period - Wrist shot by Dustin Brown.
14:34 of 1st period - Goal by Dustin Brown - Jets : 4 - Avalanche : 0.
14:34 of 1st period - Hannu Toivonen enters game.
14:35 of 1st period - Chris Drury wins face-off versus Derek Roy in neutral zone.
15:25 of 1st period - Wrist shot by Devin Setoguchi.
15:25 of 1st period - Stopped by Hannu Toivonen with a rebound.
15:29 of 1st period - Snap shot by Derek Stepan.
15:29 of 1st period - Shot Misses the Net.
16:01 of 1st period - Wrist shot by Chris Drury.
16:01 of 1st period - Stopped by Kari Lehtonen with a rebound.
16:41 of 1st period - Erik Haula is hit by Johnny Boychuk and loses puck.
17:10 of 1st period - Slapshot by Marcus Johansson.
17:10 of 1st period - Stopped by Hannu Toivonen with a rebound.
17:29 of 1st period - Derek Stepan is hit by Dan Boyle and loses puck.
18:02 of 1st period - Snap shot by Lee Stempniak.
18:02 of 1st period - Deflect By Marcus Johansson.
18:02 of 1st period - Stopped by Hannu Toivonen with a rebound.
18:10 of 1st period - Marcus Johansson is hit by Alexander Radulov and loses puck.
18:37 of 1st period - Paul Stastny is hit by Tyler Myers and loses puck.
19:32 of 1st period - Wrist shot by Chris Drury.
19:32 of 1st period - Shot Hit the Post.
19:34 of 1st period - Slapshot by Marc Staal.
19:34 of 1st period - Shot Misses the Net.
19:36 of 1st period - Snap shot by Alexander Radulov.
19:36 of 1st period - Shot Misses the Net.
Goals for this period are 4 for Jets vs 0 for Avalanche.
Shots for this period are 8 for Jets vs 7 for Avalanche.
2nd period
0:01 of 2nd period - Derek Roy wins face-off versus Bryan Little in neutral zone.
0:10 of 2nd period - Snap shot by Benoit Pouliot.
0:10 of 2nd period - Deflect By Derek Roy.
0:10 of 2nd period - Stopped by Hannu Toivonen with a rebound.
0:14 of 2nd period - Snap shot by Dustin Brown.
0:14 of 2nd period - Shot Misses the Net.
0:16 of 2nd period - Snap shot by Benoit Pouliot.
0:16 of 2nd period - Stopped by Hannu Toivonen with a rebound.
0:51 of 2nd period - Andrei Kostitsyn is hit by Tyler Myers and loses puck.
0:58 of 2nd period - Slapshot by Jack Johnson.
0:58 of 2nd period - Shot Blocked by Tyler Myers.
1:20 of 2nd period - Anton Volchenkov is hit by Jack Johnson and loses puck.
1:31 of 2nd period - Johnny Boychuk is hit by Lee Stempniak.
1:39 of 2nd period - Slapshot by Bryan Little.
1:39 of 2nd period - Shot Blocked by Marcus Johansson.
1:41 of 2nd period - Slapshot by Corey Perry.
1:41 of 2nd period - Stopped by Kari Lehtonen without a rebound.
1:42 of 2nd period - Chris Drury wins face-off versus Derek Stepan in Jets zone.
1:45 of 2nd period - Slapshot by Andrew Ladd.
1:45 of 2nd period - Stopped by Kari Lehtonen without a rebound.
1:46 of 2nd period - Derek Stepan wins face-off versus Chris Drury in Jets zone.
1:54 of 2nd period - Off-side.
1:55 of 2nd period - Derek Roy wins face-off versus Bryan Little in neutral zone.
2:01 of 2nd period - Slapshot by Benoit Pouliot.
2:01 of 2nd period - Shot Blocked by Pernell Karl Subban.
2:03 of 2nd period - Wrist shot by Benoit Pouliot.
2:03 of 2nd period - Shot Blocked by Pernell Karl Subban.
2:05 of 2nd period - Slapshot by Shea Weber.
2:05 of 2nd period - Stopped by Hannu Toivonen without a rebound.
2:06 of 2nd period - Bryan Little wins face-off versus Derek Roy in Avalanche zone.
2:06 of 2nd period - Bryan Little is hit by Benoit Pouliot.
2:09 of 2nd period - Minor Penalty to Bryan Little for Goalie Interference.
2:10 of 2nd period - Andrew Ladd wins face-off versus Derek Roy in Avalanche zone.
2:24 of 2nd period - Slapshot by Marco Scandella.
2:24 of 2nd period - Stopped by Hannu Toivonen without a rebound.
2:25 of 2nd period - Chuck Kobasew wins face-off versus Derek Roy in Avalanche zone.
4:09 of 2nd period - Penalty to Bryan Little is over, Bryan Little is back on ice.
4:18 of 2nd period - Dan Boyle is hit by Tyler Myers and loses puck.
4:31 of 2nd period - Minor Penalty to Tyler Myers for Holding.
4:32 of 2nd period - Erik Haula wins face-off versus Bryan Little in Jets zone.
4:43 of 2nd period - Wrist shot by Bryan Little.
4:43 of 2nd period - Stopped by Kari Lehtonen with a rebound.
6:31 of 2nd period - Penalty to Tyler Myers is over, Tyler Myers is back on ice.
6:42 of 2nd period - Chuck Kobasew is hit by Tyler Myers and loses puck.
7:11 of 2nd period - Marc Staal is hit by Joe Colborne and loses puck.
7:48 of 2nd period - Alexander Radulov is hit by Josh Bailey and loses puck.
9:07 of 2nd period - Joe Colborne is hit by Mikkel Boedker and loses puck.
9:18 of 2nd period - Justin Falk is hit by Marc Staal and loses puck.
9:31 of 2nd period - Wrist shot by Andrew Ladd.
9:31 of 2nd period - Shot Misses the Net.
10:18 of 2nd period - Icing by Devin Setoguchi.
10:19 of 2nd period - Derek Roy wins face-off versus Kyle Turris in Jets zone.
10:23 of 2nd period - Off-side.
10:24 of 2nd period - Derek Roy wins face-off versus Chuck Kobasew in neutral zone.
10:27 of 2nd period - Slapshot by Shea Weber.
10:27 of 2nd period - Shot Blocked by Dan Boyle.
10:43 of 2nd period - Backhand shot by Ryan Smyth.
10:43 of 2nd period - Goal by Ryan Smyth - Jets : 4 - Avalanche : 1.
10:44 of 2nd period - Derek Roy wins face-off versus Bryan Little in neutral zone.
10:46 of 2nd period - Shea Weber is hit by Dan Boyle and loses puck.
10:51 of 2nd period - Snap shot by Bryan Little.
10:51 of 2nd period - Deflect By Mikkel Boedker.
10:51 of 2nd period - Shot Misses the Net.
10:51 of 2nd period - Puck is out of play.
10:52 of 2nd period - Benoit Pouliot wins face-off versus Corey Perry in Jets zone.
11:05 of 2nd period - Bryan Little is hit by Dustin Brown and loses puck.
11:09 of 2nd period - Icing by Johnny Boychuk.
11:10 of 2nd period - Bryan Little wins face-off versus Derek Stepan in Avalanche zone.
11:39 of 2nd period - Snap shot by Mikkel Boedker.
11:39 of 2nd period - Shot Blocked by Marco Scandella.
11:41 of 2nd period - Slapshot by Johnny Boychuk.
11:41 of 2nd period - Shot Blocked by Marco Scandella.
11:43 of 2nd period - Snap shot by Johnny Boychuk.
11:43 of 2nd period - Stopped by Kari Lehtonen with a rebound.
11:51 of 2nd period - Slapshot by Bryan Little.
11:51 of 2nd period - Shot Misses the Net.
12:32 of 2nd period - Wrist shot by Bryan Little.
12:32 of 2nd period - Deflect By Shea Weber.
12:32 of 2nd period - Shot Misses the Net.
12:32 of 2nd period - Puck is out of play.
12:33 of 2nd period - Derek Roy wins face-off versus Chris Drury in Jets zone.
12:33 of 2nd period - Derek Roy is hit by Chris Drury.
12:47 of 2nd period - Jay Bouwmeester is hit by Tyler Myers and loses puck.
13:00 of 2nd period - Paul Stastny is hit by James Wright and loses puck.
13:05 of 2nd period - Snap shot by Erik Haula.
13:05 of 2nd period - Stopped by Hannu Toivonen with a rebound.
13:07 of 2nd period - Wrist shot by Anton Volchenkov.
13:07 of 2nd period - Stopped by Hannu Toivonen with a rebound.
13:24 of 2nd period - Minor Penalty to Paul Stastny for Tripping.
13:25 of 2nd period - Andrew Ladd wins face-off versus Derek Roy in Avalanche zone.
13:36 of 2nd period - Snap shot by Marco Scandella.
13:36 of 2nd period - Shot Blocked by Marc Staal.
13:38 of 2nd period - Snap shot by Benoit Pouliot.
13:38 of 2nd period - Deflect By Marc Staal.
13:38 of 2nd period - Goal by Benoit Pouliot - Jets : 5 - Avalanche : 1.
13:39 of 2nd period - Derek Roy wins face-off versus Chris Drury in neutral zone.
13:44 of 2nd period - Wrist shot by Benoit Pouliot.
13:44 of 2nd period - Shot Misses the Net.
13:46 of 2nd period - Slapshot by Shea Weber.
13:46 of 2nd period - Stopped by Hannu Toivonen without a rebound.
13:47 of 2nd period - Derek Roy wins face-off versus Chris Drury in Avalanche zone.
13:52 of 2nd period - Wrist shot by Benoit Pouliot.
13:52 of 2nd period - Deflect By Derek Roy.
13:52 of 2nd period - Shot Misses the Net.
13:52 of 2nd period - Puck is out of play.
13:53 of 2nd period - Paul Stastny wins face-off versus Derek Roy in Avalanche zone.
13:53 of 2nd period - Paul Stastny is hit by Benoit Pouliot.
14:24 of 2nd period - Wrist shot by Chris Drury.
14:24 of 2nd period - Stopped by Kari Lehtonen without a rebound.
14:25 of 2nd period - Derek Roy wins face-off versus Chris Drury in Jets zone.
14:30 of 2nd period - Shea Weber is hit by Jay Bouwmeester and loses puck.
14:51 of 2nd period - Marco Scandella is hit by Jay Bouwmeester and loses puck.
15:00 of 2nd period - Backhand shot by Andrei Kostitsyn.
15:00 of 2nd period - Shot Misses the Net.
15:02 of 2nd period - Slapshot by Johnny Boychuk.
15:02 of 2nd period - Stopped by Kari Lehtonen with a rebound.
15:04 of 2nd period - Wrist shot by Andrei Kostitsyn.
15:04 of 2nd period - Stopped by Kari Lehtonen without a rebound.
15:05 of 2nd period - Benoit Pouliot wins face-off versus Bryan Little in Jets zone.
15:07 of 2nd period - Icing by Dustin Brown.
15:08 of 2nd period - Corey Perry wins face-off versus Derek Roy in Jets zone.
15:11 of 2nd period - Snap shot by Bryan Little.
15:11 of 2nd period - Shot Blocked by Tyler Myers.
15:37 of 2nd period - Wrist shot by Jack Johnson.
15:37 of 2nd period - Shot Misses the Net.
15:39 of 2nd period - Wrist shot by Paul Stastny.
15:39 of 2nd period - Shot Blocked by Eric Gelinas.
15:41 of 2nd period - Snap shot by Brandon Yip.
15:41 of 2nd period - Shot Misses the Net.
15:47 of 2nd period - Snap shot by Andrei Kostitsyn.
15:47 of 2nd period - Stopped by Kari Lehtonen with a rebound.
16:01 of 2nd period - Slapshot by Josh Bailey.
16:01 of 2nd period - Shot Misses the Net.
16:03 of 2nd period - Snap shot by Josh Bailey.
16:03 of 2nd period - Goal by Josh Bailey - Jets : 6 - Avalanche : 1.
16:04 of 2nd period - Chris Drury wins face-off versus Benoit Pouliot in neutral zone.
16:11 of 2nd period - Wrist shot by Alexander Radulov.
16:11 of 2nd period - Goal by Alexander Radulov - Jets : 6 - Avalanche : 2.
16:12 of 2nd period - Paul Stastny wins face-off versus Derek Roy in neutral zone.
16:15 of 2nd period - Slapshot by Pernell Karl Subban.
16:15 of 2nd period - Shot Blocked by Shea Weber.
16:19 of 2nd period - Snap shot by Andrei Kostitsyn.
16:19 of 2nd period - Shot Blocked by Dustin Brown.
16:27 of 2nd period - Andrei Kostitsyn is hit by Derek Roy and loses puck.
17:13 of 2nd period - Devin Setoguchi is hit by Chris Drury and loses puck.
17:54 of 2nd period - Snap shot by Alexander Radulov.
17:54 of 2nd period - Deflect By Chris Drury.
17:54 of 2nd period - Stopped by Kari Lehtonen without a rebound.
17:55 of 2nd period - Bryan Little wins face-off versus Derek Stepan in Jets zone.
18:22 of 2nd period - Benoit Pouliot is hit by Jack Johnson and loses puck.
19:10 of 2nd period - Snap shot by James Wright.
19:10 of 2nd period - Shot Blocked by Corey Perry.
19:12 of 2nd period - Snap shot by Erik Haula.
19:12 of 2nd period - Shot Blocked by Pernell Karl Subban.
19:14 of 2nd period - Snap shot by Tyler Myers.
19:14 of 2nd period - Shot Blocked by Pernell Karl Subban.
19:16 of 2nd period - Slapshot by Eric Gelinas.
19:16 of 2nd period - Shot Misses the Net.
19:18 of 2nd period - Slapshot by Tyler Myers.
19:18 of 2nd period - Shot Misses the Net.
19:20 of 2nd period - Snap shot by James Wright.
19:20 of 2nd period - Shot Blocked by Pernell Karl Subban.
19:41 of 2nd period - Snap shot by Josh Bailey.
19:41 of 2nd period - Shot Misses the Net.
19:43 of 2nd period - Snap shot by James Wright.
19:43 of 2nd period - Shot Misses the Net.
19:45 of 2nd period - Snap shot by James Wright.
19:45 of 2nd period - Shot Blocked by Pernell Karl Subban.
19:47 of 2nd period - Slapshot by Josh Bailey.
19:47 of 2nd period - Shot Blocked by Pernell Karl Subban.
19:49 of 2nd period - Wrist shot by Erik Haula.
19:49 of 2nd period - Stopped by Hannu Toivonen without a rebound.
19:50 of 2nd period - Paul Stastny wins face-off versus Derek Roy in Avalanche zone.
19:52 of 2nd period - Minor Penalty to Brandon Yip for Cross-checking.
19:53 of 2nd period - Chuck Kobasew wins face-off versus Derek Roy in Avalanche zone.
19:53 of 2nd period - Chuck Kobasew is hit by Marco Scandella.
Goals for this period are 2 for Jets vs 2 for Avalanche.
Shots for this period are 10 for Jets vs 11 for Avalanche.
3rd period
0:01 of 3rd period - Andrew Ladd wins face-off versus Derek Roy in neutral zone.
1:52 of 3rd period - Penalty to Brandon Yip is over, Brandon Yip is back on ice.
1:55 of 3rd period - Wrist shot by Chris Drury.
1:55 of 3rd period - Shot Misses the Net.
2:09 of 3rd period - Snap shot by Bryan Little.
2:09 of 3rd period - Shot Misses the Net.
2:11 of 3rd period - Wrist shot by Mikkel Boedker.
2:11 of 3rd period - Shot Misses the Net.
2:13 of 3rd period - Snap shot by Jack Johnson.
2:13 of 3rd period - Shot Blocked by Josh Bailey.
2:15 of 3rd period - Snap shot by Bryan Little.
2:15 of 3rd period - Stopped by Kari Lehtonen with a rebound.
2:17 of 3rd period - Slapshot by Jack Johnson.
2:17 of 3rd period - Stopped by Kari Lehtonen with a rebound.
2:24 of 3rd period - Minor Penalty to James Wright for Hooking.
2:25 of 3rd period - Erik Haula wins face-off versus Bryan Little in Jets zone.
2:33 of 3rd period - Tyler Myers is hit by Jay Bouwmeester and loses puck.
3:27 of 3rd period - Shea Weber is hit by Paul Stastny and loses puck.
4:24 of 3rd period - Penalty to James Wright is over, James Wright is back on ice.
4:35 of 3rd period - Minor Penalty to Tyler Myers for Tripping.
4:36 of 3rd period - Corey Perry wins face-off versus Erik Haula in Jets zone.
4:40 of 3rd period - Snap shot by Bryan Little.
4:40 of 3rd period - Stopped by Kari Lehtonen with a rebound.
5:44 of 3rd period - Jack Johnson is hit by Erik Haula and loses puck.
6:35 of 3rd period - Penalty to Tyler Myers is over, Tyler Myers is back on ice.
6:39 of 3rd period - Icing by Joe Colborne.
6:40 of 3rd period - Chuck Kobasew wins face-off versus Derek Stepan in Jets zone.
6:56 of 3rd period - Minor Penalty to Johnny Boychuk for Tripping.
6:57 of 3rd period - Derek Roy wins face-off versus Chuck Kobasew in Avalanche zone.
7:02 of 3rd period - Wrist shot by Benoit Pouliot.
7:02 of 3rd period - Shot Blocked by Andrew Ladd.
7:04 of 3rd period - Snap shot by Benoit Pouliot.
7:04 of 3rd period - Deflect By Pernell Karl Subban.
7:04 of 3rd period - Stopped by Hannu Toivonen without a rebound.
7:05 of 3rd period - Benoit Pouliot wins face-off versus Andrew Ladd in Avalanche zone.
7:08 of 3rd period - Snap shot by Derek Roy.
7:08 of 3rd period - Stopped by Hannu Toivonen without a rebound.
7:09 of 3rd period - Derek Roy wins face-off versus Andrew Ladd in Avalanche zone.
7:34 of 3rd period - Pernell Karl Subban is hit by Tyler Myers and loses puck.
8:43 of 3rd period - Pernell Karl Subban is hit by Derek Stepan.
8:56 of 3rd period - Penalty to Johnny Boychuk is over, Johnny Boychuk is back on ice.
9:07 of 3rd period - Wrist shot by Mikkel Boedker.
9:07 of 3rd period - Stopped by Kari Lehtonen with a rebound.
9:09 of 3rd period - Minor Penalty to Marcus Johansson for Hooking.
9:10 of 3rd period - Bryan Little wins face-off versus Erik Haula in Jets zone.
9:13 of 3rd period - Wrist shot by Mikkel Boedker.
9:13 of 3rd period - Shot Misses the Net.
9:15 of 3rd period - Slapshot by Dan Boyle.
9:15 of 3rd period - Stopped by Kari Lehtonen with a rebound.
9:17 of 3rd period - Slapshot by Dan Boyle.
9:17 of 3rd period - Stopped by Kari Lehtonen with a rebound.
9:19 of 3rd period - Slapshot by Dan Boyle.
9:19 of 3rd period - Shot Blocked by Erik Haula.
9:21 of 3rd period - Slapshot by Jay Bouwmeester.
9:21 of 3rd period - Stopped by Kari Lehtonen without a rebound.
9:22 of 3rd period - Erik Haula wins face-off versus Bryan Little in Jets zone.
9:57 of 3rd period - Wrist shot by Andrei Kostitsyn.
9:57 of 3rd period - Shot Misses the Net.
11:09 of 3rd period - Penalty to Marcus Johansson is over, Marcus Johansson is back on ice.
11:17 of 3rd period - Wrist shot by Chuck Kobasew.
11:17 of 3rd period - Shot Blocked by Dustin Brown.
11:19 of 3rd period - Slapshot by Marc Staal.
11:19 of 3rd period - Shot Misses the Net.
11:21 of 3rd period - Slapshot by Dan Boyle.
11:21 of 3rd period - Stopped by Kari Lehtonen without a rebound.
11:22 of 3rd period - Derek Stepan wins face-off versus Kyle Turris in Jets zone.
11:35 of 3rd period - Wrist shot by Chuck Kobasew.
11:35 of 3rd period - Shot Misses the Net.
11:47 of 3rd period - Dan Boyle is hit by Benoit Pouliot and loses puck.
11:53 of 3rd period - Minor Penalty to Dan Boyle for Slashing.
11:54 of 3rd period - Derek Roy wins face-off versus Andrew Ladd in Avalanche zone.
13:53 of 3rd period - Penalty to Dan Boyle is over, Dan Boyle is back on ice.
13:59 of 3rd period - Eric Gelinas is hit by Bryan Little and loses puck.
14:06 of 3rd period - Corey Perry is hit by Derek Stepan and loses puck.
14:27 of 3rd period - Johnny Boychuk is hit by Josh Bailey and loses puck.
14:40 of 3rd period - Anton Volchenkov is hit by Brandon Yip and loses puck.
15:31 of 3rd period - Snap shot by Chuck Kobasew.
15:31 of 3rd period - Stopped by Kari Lehtonen with a rebound.
16:37 of 3rd period - Marco Scandella is hit by Pernell Karl Subban and loses puck.
16:50 of 3rd period - Josh Bailey is hit by Mikkel Boedker and loses puck.
16:57 of 3rd period - James Wright is hit by Johnny Boychuk and loses puck.
17:17 of 3rd period - Andrei Kostitsyn is hit by Tyler Myers and loses puck.
18:37 of 3rd period - Eric Gelinas is hit by Chris Drury.
19:47 of 3rd period - Wrist shot by Mikkel Boedker.
19:47 of 3rd period - Shot Blocked by Devin Setoguchi.
19:49 of 3rd period - Snap shot by Pernell Karl Subban.
19:49 of 3rd period - Stopped by Kari Lehtonen with a rebound.
Goals for this period are 0 for Jets vs 0 for Avalanche.
Shots for this period are 2 for Jets vs 10 for Avalanche.
Back to the Top